 Dungeon Crawl Stone Soup version 0.20-a0-947-g2784f4f (webtiles) character file.

509 nikopol the Skirmisher (level 7, -8/66 HPs)
             Began as a Gargoyle Berserker on Apr 3, 2017.
             Was a Priest of Trog.
             Mangled by a troll (11 damage)
             ... on level 5 of the Dungeon.
             The game lasted 00:08:55 (3927 turns).

nikopol the Skirmisher (Gargoyle Berserker)         Turns: 3927, Time: 00:08:55

Health: -8/66      AC: 15    Str: 25    XL:     7   Next: 19%
Magic:  7/7        EV: 11    Int:  8    God:    Trog [***...]
Gold:   240        SH:  0    Dex: 11    Spells: 6/6 levels left

rFire    . . .     SeeInvis .   a - +0 hand axe
rCold    . . .     Gourm    .   (no shield)
rNeg     + . .     Faith    .   k - +0 scale mail
rPois    ∞         Spirit   .   n - +2 hat
rElec    +         Reflect  .   u - +0 cloak
rCorr    .         Harm     .   (no gloves)
MR       .....                  (no boots)
Stlth    ..........             (no amulet)
Regen    0.3/turn               (no ring)
MPRegen  0.1/turn               (no ring)

@: berserking, very quick
A: negative energy resistance 1, electricity resistance, unbreathing,
petrification resistance, rot immunity, AC +4
a: Berserk, Trog's Hand, Burn Spellbooks, Renounce Religion


You were on level 5 of the Dungeon.
You worshipped Trog.
Trog was most pleased with you.
You were very hungry.

You visited 1 branch of the dungeon, and saw 5 of its levels.
You also visited: Sewer.

You collected 240 gold pieces.

Inventory:

Hand Weapons
 a - a +0 hand axe (weapon)
 q - a +0 dire flail of protection
Missiles
 p - 20 arrows
Armour
 b - a +0 animal skin
 e - a +0 leather armour
 k - a +0 scale mail (worn)
 n - a +2 hat (worn)
 s - a +0 chain mail
 u - a +0 cloak (worn)
Jewellery
 x - an uncursed ring of protection from fire {unknown}
Scrolls
 g - a scroll of immolation {unknown}
 i - 2 scrolls of blinking {unknown}
 j - 2 scrolls of recharging {unknown}
 m - 2 scrolls of identify
 r - 6 scrolls of teleportation {unknown}
 v - a scroll of amnesia {unknown}
 y - a scroll of remove curse {unknown}
Potions
 d - 2 potions of berserk rage
 h - a potion of mutation
 l - a potion of curing {unknown}
 o - a potion of brilliance {unknown}
 t - a potion of resistance {unknown}
 w - 5 potions of flight
 z - a potion of heal wounds {unknown}
Comestibles
 c - 3 bread rations
 f - 3 meat rations
 A - 5 chunks of flesh


   Skills:
 + Level 5.1 Fighting
 + Level 4.1 Axes
 + Level 4.8 Armour
 + Level 3.2 Dodging


You had 6 spell levels left.
You didn't know any spells.

Dungeon Overview and Level Annotations

Branches:
Dungeon (5/15)             Temple (0/1) D:4

Altars:


Innate Abilities, Weirdness & Mutations

You are resistant to torment.
Your stone body is resilient. (AC +4)
You are immune to poison.
You resist negative energy. (rN+)
You are resistant to electric shocks. (rElec)
You can survive without breathing.
You are immune to petrification.
You are immune to rotting.


Message History

You feel yourself moving faster!
You feel mighty!
You are feeling very hungry.
The troll barely misses you. The troll completely misses you.
The troll claws you.
* * * LOW HITPOINT WARNING * * *
You hit the troll.
The troll is lightly wounded.
You slash the troll!
The troll is moderately wounded.
The troll closely misses you. The troll misses you.
The troll closely misses you.
You slash the troll!
The troll is severely wounded.
The troll completely misses you. The troll claws you.
* * * LOW HITPOINT WARNING * * *
The troll claws you but does no damage.
You hit the troll.
The troll is severely wounded.
The troll bites you!
You die...

...#.....##
..........##
...........#
...........#
...........# #
.......<...# .#
#...........T...#..#
###...........@..$...#
##...........<....###.#
##................##
#.........#..##...#
#.........#.# #.###
#.........#.###.#
#.........#.##..#
..........#....##
.........#...###


You could see a troll.

Vanquished Creatures
  Blork the orc (D:5)
  A scorpion (D:4)
  Crazy Yiuf (D:3)
  An iguana (D:5)
  3 worker ants
  4 gnolls (D:4)
  10 adders
  4 oozes
  4 worms
  3 dart slugs
  3 leopard geckos
  An orc (D:4)
  3 ball pythons
  14 bats
  8 giant cockroaches
  7 hobgoblins
  11 jackals
  3 quokkas
  6 frilled lizards
  8 goblins
  11 kobolds
  A quokka zombie (D:5)
  5 rats
113 creatures vanquished.

Notes
Turn   | Place    | Note
-------+----------+-------------------------------------------
     0 | D:1      | nikopol the Gargoyle Berserker began the quest for the Orb.
     0 | D:1      | Reached XP level 1. HP: 14/14 MP: 1/1
    18 | D:1      | Reached XP level 2. HP: 17/19 MP: 2/2
   379 | D:1      | Reached XP level 3. HP: 20/24 MP: 3/3
   635 | D:1      | Reached skill level 4 in Fighting
   762 | D:1      | Reached ** piety under Trog
  1353 | D:2      | Reached XP level 4. HP: 29/29 MP: 4/4
  1924 | D:3      | Reached XP level 5. HP: 30/33 MP: 5/5
  1942 | D:3      | Reached *** piety under Trog
  2176 | D:3      | Found a runed door.
  2180 | D:3      | Noticed Crazy Yiuf
  2190 | D:3      | Killed Crazy Yiuf
  2466 | D:4      | Found a glowing drain.
  2471 | Sewer    | Entered a sewer
  2481 | Sewer    | Reached XP level 6. HP: 36/39 MP: 6/6
  3206 | D:4      | Found a staircase to the Ecumenical Temple.
  3735 | D:5      | Entered Level 5 of the Dungeon
  3752 | D:5      | Noticed Blork the orc
  3764 | D:5      | Reached skill level 5 in Fighting
  3765 | D:5      | Killed Blork the orc
  3765 | D:5      | Reached XP level 7. HP: 42/44 MP: 7/7
  3914 | D:5      | Noticed a troll
  3926 | D:5      | HP: 3/66 [troll (4)]
  3927 | D:5      | Mangled by a troll

Vault maps used:
D:1:      scummos_arrival_simple_fountains, serial_bayou_lagoon_a,
          minmay_crystal_water
D:3:      first_bread, uniq_crazy_yiuf_cottage
D:4:      lemuel_upstairs_altar, minmay_temple_entry_glass,
          lightli_sewer_entry_pipes, uniq_iyjb
D:5:      old_standard_altar, uniq_blork_the_orc
Sewer:    sewer_fruit_machine

Skill      XL: |  1  2  3  4  5  6 |
---------------+-------------------+-----
Fighting       | 4 5 |  5.1
Axes           | 3 4 |  4.1
Armour         | 3 4 |  4.8
Dodging        | 2 3 |  3.2

Action                   |  1- 3 |  4- 6 |  7- 9 || total
-------------------------+-------+-------+-------++-------
Melee: Hand axe          |   117 |   298 |    23 ||   438
Invok: Berserk           |     1 |     3 |     1 ||     5
  Use: Scroll            |       |     4 |       ||     4
       Potion            |       |     1 |       ||     1
  Eat: Chunk             |     3 |    10 |     1 ||    14
Armor: Animal skin       |     3 |       |       ||     3
       Leather armour    |    28 |       |       ||    28
       Scale mail        |    31 |   219 |     8 ||   258
Dodge: Dodged            |    72 |   231 |    27 ||   330
